 Dungeon Crawl Stone Soup version 0.24.0-13-gcf9b319 (webtiles) character file.

Game seed: 16559584868848733874, levelgen mode: deterministic

15180 Xolotl the Thrower (level 11, -5/109 HPs)
             Began as a Troll Hunter on Nov 10, 2019.
             Slain by a black mamba (7 damage)
             ... on level 1 of the Lair of Beasts.
             The game lasted 00:52:12 (11984 turns).

Xolotl the Thrower (Troll Hunter)                  Turns: 11984, Time: 00:52:12

Health: -5/109     AC: 12    Str: 22    XL:     11   Next: 98%
Magic:  10/10      EV: 12    Int:  7    God:
Gold:   546        SH:  4    Dex: 11    Spells: 10/10 levels left

rFire    + . .     SeeInvis +   a - +5 hand axe (elec)
rCold    . . .     Gourm    +   (no shield)
rNeg     + + +     Faith    .   O - +0 troll leather armour
rPois    +         Spirit   .   G - +1 hat {MR+}
rElec    .         Reflect  +   E - +1 cloak {+Inv}
rCorr    .         Harm     .   (gloves unavailable)
MR       ++...                  (boots unavailable)
Stlth    +.........             D - amulet of the Priest {Reflect rPois rN+++ Dex-2 SH+4 SInv}
HPRegen  1.08/turn              C - ring of protection from magic
MPRegen  0.12/turn              F - ring of protection from fire

@: lethally poisoned (-5 -> -40)
A: large, unfitting armour, claws 3, fast metabolism 3, gourmand, regeneration
1, shaggy fur 1, tough skin 3
a: Evoke Invisibility


You were on level 1 of the Lair of Beasts.
You were very full.

You visited 4 branches of the dungeon, and saw 14 of its levels.
You also visited: Bailey.

You collected 958 gold pieces.
You spent 412 gold pieces at shops.

Inventory:

Hand Weapons
 a - a +5 hand axe of electrocution (weapon)
 b - a +2 war axe of flaming
Missiles
 c - 7 large rocks
 l - 29 poisoned darts
 y - 59 boomerangs (quivered)
 A - 8 curare-tipped darts
 B - 3 atropa-tipped darts
 J - 4 javelins
 K - 8 silver boomerangs
Armour
 v - a +1 animal skin
 E - a +1 cloak of invisibility (worn)
 G - a +1 hat of magic resistance (worn)
 O - a +0 troll leather armour (worn)
Jewellery
 d - an uncursed ring of ice
 x - an uncursed ring of positive energy
 C - a ring of protection from magic (left claw)
 D - the amulet of the Priest (around neck) {Reflect rPois rN+++ Dex-2 SH+4 SInv}
   (You found it in a bailey)

   [amulet of reflection]

   It shields you and reflects attacks.
   It affects your dexterity (-2).
   It protects you from poison.
   It renders you almost immune to negative energy.
   It lets you see invisible.
   It affects your SH (+4).
 F - a ring of protection from fire (right claw)
Wands
 k - a wand of acid (11)
 n - a wand of paralysis (9)
 u - a wand of flame (52)
 I - a wand of digging (4)
 M - a wand of polymorph (9)
Scrolls
 e - 5 scrolls of immolation
 j - 4 scrolls of remove curse
 p - 4 scrolls of teleportation
 q - a scroll of fog
 t - 3 scrolls of blinking
 z - a scroll of enchant armour
 H - a scroll of identify
 P - a scroll of magic mapping {unknown}
Potions
 g - 9 potions of haste
 h - 3 potions of invisibility
 i - 4 potions of ambrosia
 m - a potion of heal wounds
 o - 4 potions of might
 r - 3 potions of curing
 s - 3 potions of brilliance
 w - a potion of cancellation
 L - 2 potions of lignification
 N - a potion of mutation {unknown}
Comestibles
 f - 16 rations


   Skills:
 + Level 7.3 Fighting
 + Level 4.3 Axes
 * Level 11.0 Throwing
 + Level 7.0 Armour
 + Level 7.2 Dodging
 - Level 0.5 Stealth
 - Level 3.2 Unarmed Combat


You had 10 spell levels left.
You didn't know any spells.
Your spell library contained the following spells:

 Spells                   Type           Power        Failure   Level  Hunger
 Summon Small Mammal      Summ           #...         45%         1    ##.....
 Call Imp                 Summ           #.......     61%         2    ###....
 Call Canine Familiar     Summ           #.......     83%         3    ####...
 Summon Guardian Golem    Hex/Summ       #.......     83%         3    ####...
 Summon Ice Beast         Ice/Summ       #.......     99%         4    #####..
 Summon Lightning Spire   Summ/Air       #.......     99%         4    #####..


Dungeon Overview and Level Annotations

Branches:
Dungeon (10/15)            Temple (1/1) D:6            Lair (1/6) D:10
    Orc (2/2) D:9          Bailey (visited)
    Elf: Orc:2

Altars:
Ashenzari
Cheibriados
Dithmenos
Elyvilon
Fedhas
Gozag
Hepliaklqana
Kikubaaqudgha
Makhleb
Nemelex Xobeh
Okawaru
Qazlal
Ru
Sif Muna
Trog
Uskayaw
Vehumet
Wu Jian
Xom
Yredelemnul
Zin
The Shining One
Beogh
Lugonu

Shops:
D:5 *   D:8 [   D:10 !

Annotations:
D:6 1 runed translucent door, Ofeo's ghost, novice DDFi
D:8 1 runed translucent door, EternalSandwich's ghost, novice TrMo
Orc:2 Josephine


Innate Abilities, Weirdness & Mutations

You are too large for most types of armour.
You have claws for hands.
Your metabolism is lightning-fast.
You like to eat raw meat.
Your natural rate of healing is unusually fast.
You are covered in fur. (AC +1)
You have extremely tough skin. (AC +3)


Message History

You feel sick.
The black mamba bites you but does no damage.
The black mamba bites you!
* * * LOW HITPOINT WARNING * * *
You are more poisoned.
The black mamba poisons you!
You closely miss the black mamba.
The black mamba is severely wounded.
You feel very sick. The black mamba bites you!
* * * LOW HITPOINT WARNING * * *
You are more poisoned.
The black mamba poisons you! The black mamba bites you.
* * * LOW HITPOINT WARNING * * *
You hit the black mamba.
The black mamba is almost dead.
* * * LOW HITPOINT WARNING * * *
You feel very sick. The black mamba bites you!
You die...

.. #.... .# #...# ..# #
#..P# ..# ... ##
####..## ..#
#...##.##.##..P###..####
........................
......S@................
###..###.#..............
#. ###.......<......
#..............
#..............
#..............
#..............
#..............
#########.P###.


You could see a black mamba.

Vanquished Creatures
  An orc warlord (Bailey)
  A hydra (D:8)
  A two-headed ogre (D:8)
  Sonja (D:10)
  An orc knight (D:9)
  Joseph (D:8)
  A queen bee (D:9)
  3 trolls
  A wyvern (D:10)
  A wraith (Orc:2)
  Grum (D:8)
  2 hungry ghosts
  6 wargs
  A swamp drake (D:9)
  3 ice beasts
  22 orc warriors
  5 phantoms
  3 necrophages
  4 ogres
  5 sky beasts
  3 centaurs
  3 wolves (D:8)
  4 big kobolds
  A gnoll sergeant (D:9)
  6 bullfrogs
  A wyvern skeleton (D:10)
  5 scorpions
  22 killer bees
  3 wights (D:8)
  4 howler monkeys
  7 crimson imps
  A centaur zombie (D:10)
  2 jellies (D:8)
  4 hounds
  22 orc priests
  22 orc wizards
  5 iguanas
  A gnoll shaman (D:7)
  5 worker ants
  A howler monkey zombie (D:8)
  Robin (D:4)
  11 gnolls
  A worker ant zombie (D:8)
  A howler monkey skeleton (D:9)
  12 adders
  3 shadow imps
  2 adder zombies
  3 adder skeletons
  3 worms (D:3)
  A dart slug (D:4)
  4 leopard geckos
  71 orcs
  3 ball pythons
  6 giant cockroaches
  23 goblins
  15 hobgoblins
  15 jackals
  4 quokkas
  7 bats
  4 frilled lizards
  A jackal skeleton (D:4)
  38 kobolds
  A leopard gecko skeleton (D:4)
  A leopard gecko zombie (D:6)
  4 rats
421 creatures vanquished.

Vanquished Creatures (others)
  An ogre (D:9)
  An orc (D:9)
  2 fungi (D:8)
  8 plants
  4 withered plants (D:7)
16 creatures vanquished.

Grand Total: 437 creatures vanquished

Notes
Turn   | Place    | Note
-------+----------+-------------------------------------------
     0 | D:1      | Xolotl the Troll Hunter began the quest for the Orb.
     0 | D:1      | Reached XP level 1. HP: 19/19 MP: 0/0
   197 | D:1      | Reached XP level 2. HP: 27/28 MP: 1/1
   806 | D:2      | Found a sacrificial altar of Ru.
   957 | D:2      | Reached skill level 1 in Unarmed Combat
   957 | D:2      | Reached XP level 3. HP: 35/35 MP: 2/2
  1156 | D:2      | Found a shimmering altar of Xom.
  1157 | D:2      | Found a hazy altar of Hepliaklqana.
  1158 | D:2      | Found a hide-covered altar of Uskayaw.
  1164 | D:2      | Reached skill level 1 in Armour
  1230 | D:2      | Reached skill level 4 in Throwing
  1230 | D:2      | Reached XP level 4. HP: 42/42 MP: 3/3
  1753 | D:3      | Reached XP level 5. HP: 31/49 MP: 4/4
  2081 | D:3      | Found a sparkling altar of Nemelex Xobeh.
  2082 | D:3      | Found an opulent altar of Gozag.
  2271 | D:4      | Noticed Robin
  2273 | D:4      | Noticed a phantom
  2366 | D:3      | Killed a phantom
  2366 | D:3      | Reached XP level 6. HP: 18/59 MP: 5/5
  2446 | D:4      | Killed Robin
  2804 | D:4      | Reached XP level 7. HP: 67/67 MP: 6/6
  2815 | D:4      | Found a stormy altar of Qazlal.
  2815 | D:4      | Found a bloodstained altar of Trog.
  3303 | D:5      | Entered Level 5 of the Dungeon
  3501 | D:5      | Found Wequd's General Store.
  3516 | D:5      | Reached skill level 5 in Throwing
  3574 | D:5      | Bought a potion of lignification for 33 gold pieces
  3662 | D:5      | Found a white marble altar of Elyvilon.
  4030 | D:5      | Found a basalt altar of Yredelemnul.
  4085 | D:6      | Reached XP level 8. HP: 78/78 MP: 7/7
  4115 | D:6      | Found a staircase to the Ecumenical Temple.
  4134 | D:6      | Found a runed translucent door.
  4134 | D:6      | Noticed Ofeo's ghost (novice DDFi)
  4147 | Temple   | Entered the Ecumenical Temple
  4361 | D:6      | Found a shadowy altar of Dithmenos.
  4657 | D:6      | Reached skill level 6 in Throwing
  4724 | D:6      | Found an ornate altar of the Wu Jian Council.
  5026 | D:7      | Found a flagged portal.
  5086 | D:6      | HP: 3/78 [sky beast (5)]
  5335 | Bailey   | Entered a bailey
  5340 | Bailey   | Noticed an orc warlord
  5379 | Bailey   | Reached skill level 7 in Throwing
  5379 | Bailey   | Reached XP level 9. HP: 38/84 MP: 8/8
  5627 | Bailey   | Found a runed translucent gate.
  5640 | Bailey   | Found a runed translucent gate.
  5642 | Bailey   | Found a runed translucent gate.
  6178 | Bailey   | Got a translucent platinum amulet
  6191 | Bailey   | Identified the amulet of the Priest {Reflect rPois rN+++
                  | Dex-2 SH+4 SInv} (You found it in a bailey)
  6282 | Bailey   | Killed an orc warlord
  6282 | Bailey   | Reached skill level 5 in Fighting
  6282 | Bailey   | Reached skill level 8 in Throwing
  6282 | Bailey   | Reached skill level 5 in Armour
  6282 | Bailey   | Reached skill level 5 in Dodging
  6298 | D:7      | Identified 2 scrolls of acquirement
  6641 | D:7      | Found a burning altar of Makhleb.
  6645 | D:7      | Found a glowing silver altar of Zin.
  6645 | D:7      | Noticed an angel
  6645 | D:7      | Noticed an Executioner
  6860 | D:7      | Found a blossoming altar of Fedhas.
  6861 | D:7      | Found an ancient bone altar of Kikubaaqudgha.
  6898 | D:7      | Reached XP level 10. HP: 92/95 MP: 9/9
  7236 | D:5      | Bought a +5 hand axe of electrocution for 379 gold pieces
  7340 | D:8      | Noticed Joseph
  7364 | D:8      | Killed Joseph
  7422 | D:8      | Reached skill level 1 in Axes
  7543 | D:8      | Reached skill level 9 in Throwing
  7622 | D:8      | Found Ekhluin's Armour Shoppe.
  7649 | D:8      | Noticed Grum
  7651 | D:8      | Noticed a two-headed ogre
  7672 | D:8      | Killed Grum
  7690 | D:8      | Killed a two-headed ogre
  8089 | D:8      | Found a runed translucent door.
  8089 | D:8      | Identified the +4 spear of Qeqe {elec, +Inv rC+}
  8090 | D:8      | Noticed EternalSandwich's ghost (novice TrMo)
  8817 | D:9      | Reached XP level 11. HP: 106/106 MP: 10/10
  8860 | D:9      | Noticed a five-headed hydra
  8918 | D:8      | Killed a five-headed hydra
  9019 | D:9      | Reached skill level 10 in Throwing
  9370 | D:9      | Found a staircase to the Orcish Mines.
  9438 | Orc:1    | Entered Level 1 of the Orcish Mines
  9539 | D:10     | Entered Level 10 of the Dungeon
  9725 | D:10     | Found a staircase to the Lair.
 10132 | D:10     | Found Suim's Distillery.
 10305 | D:10     | Noticed Sonja
 10321 | D:10     | Killed Sonja
 11074 | Orc:1    | Found a roughly hewn altar of Beogh.
 11256 | Orc:1    | Noticed an orc knight
 11306 | D:9      | Killed an orc knight
 11526 | Orc:2    | Entered Level 2 of the Orcish Mines
 11722 | Orc:2    | Reached skill level 11 in Throwing
 11766 | Orc:2    | Noticed an orc high priest
 11772 | Orc:2    | Noticed an orc high priest
 11821 | Orc:2    | Noticed a sun demon
 11841 | Orc:2    | Noticed Josephine
 11957 | Lair:1   | Entered Level 1 of the Lair of Beasts
 11984 | Lair:1   | HP: 2/109 [poisoned by a black mamba]
 11984 | Lair:1   | Slain by a black mamba

Levels and vault maps discovered:
D:1:      doesnt_arrival_eight_statues, layout_basic, minmay_tetromino_l2
D:2:      layout_loops_ring, chequers_temple_overflow_statue_of_worship,
          nicolae_ru_path_of_blood, serial_forest,
          infiniplex_forest_clump_cross, infiniplex_forest_lined_2,
          infiniplex_forest_clump_small, infiniplex_forest_end_double,
          infiniplex_forest_lined_3, infiniplex_forest_clump_small,
          minmay_quadrilaterals
D:3:      layout_loops_cross, grunt_temple_overflow_opulence, first_ration
D:4:      layout_cave_pods, gammafunk_temple_overflow_elements, uniq_robin
D:5:      layout_loops_ring, kennysheep_ying_yang, kennysheep_diamond,
          chequers_serial_rivers_micro_c
D:6:      layout_loops_cross, grunt_dithmenos_shadows, kennysheep_little_box,
          minmay_temple_entry_mini_moons, gammafunk_ghost_grave
D:7:      layout_basic, grunt_temple_overflow_growth_and_decay,
          grunt_temple_overflow_order_and_chaos_2, enter_bailey_3
D:8:      layout_loops_ring, ebering_ghost_funeral_grove, serial_shops,
          shop_fountains, uniq_grum, uniq_joseph
D:9:      layout_roguey, erik_orc_1, david_nohive_1, minmay_microvault
D:10:     layout_grid_maze, erik_lair_orcish_takeover, serial_shops,
          nicolae_shop_trees, uniq_sonja
Temple:   corrupted_temple
Lair:1:   layout_small_grid, beast_lair_carwin_9, uniq_gastronok
Orc:1:    layout_diamond_mine, basic_altar, minmay_orc_barracks
Orc:2:    st_orc_mages, layout_caves, uniq_saint_roka, uniq_josephine

Skill      XL: |  1  2  3  4  5  6  7  8  9 10 11 |
---------------+----------------------------------+-----
Unarmed Combat | 1 2 3 |  3.2
Dodging        | 2 3 4 5 6 7 |  7.2
Fighting       | 2 3 4 5 6 7 |  7.3
Armour         | 1 2 3 4 5 6 7 |  7.0
Throwing       | 4 5 7 8 9 11 | 11.0
Axes           | 2 4 |  4.3
Stealth        | |  0.5

Action                   |  1- 3 |  4- 6 |  7- 9 | 10-12 || total
-------------------------+-------+-------+-------+-------++-------
Melee: Unarmed           |   106 |   190 |   248 |       ||   544
       Punch             |     1 |       |     3 |    10 ||    14
       War axe           |       |       |    88 |       ||    88
       Hand axe          |       |       |       |   628 ||   628
Throw: Large rock        |       |     4 |    13 |     7 ||    24
       Boomerang         |       |       |    63 |    71 ||   134
       Dart              |       |       |    64 |    38 ||   102
       Throwing net      |       |       |     2 |     2 ||     4
  Use: Potion            |       |       |     2 |     7 ||     9
       Scroll            |       |       |    19 |     4 ||    23
 Stab: Sleeping          |     1 |     1 |     1 |     1 ||     4
       Held in net/web   |       |       |     2 |       ||     2
       Confused          |       |       |       |     2 ||     2
  Eat: Chunk             |     9 |    10 |    28 |    44 ||    91
       Ration            |     1 |       |     4 |     5 ||    10
Armor: Robe              |    37 |    79 |     7 |       ||   123
       Skin              |       |       |    12 |    26 ||    38
       Animal skin       |       |       |   136 |   185 ||   321
       Troll leather arm |       |       |       |    39 ||    39
Dodge: Dodged            |    66 |   103 |   244 |   418 ||   831
Block: Other             |       |       |    26 |   128 ||   154
       Reflection        |       |       |       |     7 ||     7
